[Event "1st Serbian League 2022"]
[Site "Vrnjacka Banja"]
[Date "2022.09.21"]
[Round "2.19"]
[White "Indjic, Aleksandar"]
[Black "Demchenko, Anton"]
[Result "1-0"]
[ECO "D23"]
[WhiteElo "2628"]
[BlackElo "2645"]
[Annotator "TA"]
[PlyCount "69"]
[EventDate "2022.09.20"]
[EventType "team-tourn"]
[EventCountry "SRB"]
[SourceTitle "playchess.com"]
[Source "ChessBase"]
[SourceQuality "1"]
[TimeControl "40/5400+30:1800+30"]

1. d4 d5 2. Nf3 Nf6 3. c4 dxc4 4. Qa4+ Qd7 5. Qxc4 Qc6 6. Nbd2 {[%emt 0:00:40][%cal Oe2e4] D23: Queen's Gambit Accepted: 3 Nf3 Nf6 sidelines.} Bf5 {[%emt 0:07:11] [#] Against e4} 7. a3 $146 ({Predecessor:} 7. e3 Qxc4 8. Bxc4 e6 9. a3 Nbd7 10. O-O h6 11. Be2 c5 12. dxc5 Bxc5 13. b4 {½-½ (76) Nguyen,H (2477)-Alavi Moghaddam,S (2467) Tabriz 2014}) 7... e6 8. b4 {[%emt 0:05:54][%cal Bb2b4,Bb4b5][%mdl 32] The position is equal.} Bd6 9. Bb2 O-O 10. e3 a5 {[%emt 0:08:16] Strongly threatening ...axb4.} 11. b5 Qxc4 12. Nxc4 Nbd7 13. Rc1 Be7 14. Nfe5 $1 {[%emt 0:02:10] Prevents c6.} Rfc8 15. f3 $1 h6 16. e4 Bh7 17. Be2 Nxe5 18. Nxe5 (18. dxe5 $6 Nd7 $11) 18... Kf8 19. Kf2 Ke8 20. Rhd1 Nd7 {[%emt 0:04:53] [#]} (20... a4 $16 21. Rc2 Bd6) 21. Nxd7 $1 $18 Kxd7 22. d5 {[%emt 0:00:10] Inhibits c6.} e5 23. Bxe5 ({Better is} 23. a4 $18) 23... Bxa3 $16 24. Rc4 ({Much worse is} 24. Bxg7 $6 Bxc1 25. Rxc1 a4 $11) 24... f6 25. Bc3 {[%emt 0:00:13] White has more active pieces.} Bd6 26. f4 {[%emt 0:00:52] Bg4+ is the strong threat.} Re8 27. Bg4+ Kd8 {[%emt 0:00:10] [#]} 28. Kf3 Rxe4 {[%emt 0:02:55] This costs Black the game.} 29. Rxe4 $18 f5 {[%emt 0:00:05] [#]} 30. Bxf5 Bxf5 31. Re2 ({Weaker is} 31. Bxg7 h5 32. Rd2 Bxe4+ 33. Kxe4 a4 $11) 31... a4 32. Bxg7 a3 33. g4 Bd7 (33... Bh7 34. Ra2 (34. Bxh6 a2 $16) 34... Ra4) 34. Bf6+ Kc8 35. Rde1 {[%emt 0:00:12] Weighted Error Value: White=0.09 (flawless) /Black=0.18 (very precise)} 1-0

[Event "1st Serbian League 2022"]
[Site "Vrnjacka Banja"]
[Date "2022.09.21"]
[Round "2.20"]
[White "Basso, Pier Luigi"]
[Black "Ivanisevic, Ivan"]
[Result "1/2-1/2"]
[ECO "A70"]
[WhiteElo "2528"]
[BlackElo "2547"]
[Annotator "TA"]
[PlyCount "36"]
[EventDate "2022.09.20"]
[EventType "team-tourn"]
[EventCountry "SRB"]
[SourceTitle "playchess.com"]
[Source "ChessBase"]
[SourceQuality "1"]
[TimeControl "40/5400+30:1800+30"]

1. d4 Nf6 2. c4 c5 3. d5 e6 4. Nc3 exd5 5. cxd5 d6 6. e4 g6 7. Bd3 Bg7 8. h3 O-O 9. Nf3 Re8 10. O-O {[%emt 0:00:11] White is slightly better.} Nbd7 {[%emt 0:00:03][%cal Oc5c4] A70: Modern Benoni: 6 e4 g6 7 Nf3.} 11. Re1 Ne5 {[%emt 0:01:33] now supersedes 11...a6.} 12. Nxe5 {[%emt 0:05:03] [#]  Weighted Error Value: White=0.00 (flawless) /Black=0.14 (very precise)} {Predecessor:} Rxe5 $146 13. f4 Re8 14. Qf3 Nd7 15. Be3 a6 16. a4 Rb8 17. Bf2 Qa5 18. Bc2 Qb4 {½-½ (46) Navara,D (2697)-Pantsulaia,L (2553) Tornelo INT 2020} 1/2-1/2

[Event "1st Serbian League 2022"]
[Site "Vrnjacka Banja"]
[Date "2022.09.21"]
[Round "2.21"]
[White "Perunovic, Milos"]
[Black "Atalik, Suat"]
[Result "1/2-1/2"]
[ECO "B31"]
[WhiteElo "2542"]
[BlackElo "2436"]
[Annotator "TA"]
[PlyCount "93"]
[EventDate "2022.09.20"]
[EventType "team-tourn"]
[EventCountry "SRB"]
[SourceTitle "playchess.com"]
[Source "ChessBase"]
[SourceQuality "1"]
[TimeControl "40/5400+30:1800+30"]

1. e4 c5 2. Nf3 Nc6 3. Bb5 g6 4. O-O Bg7 5. c3 Nf6 6. e5 Nd5 7. d4 cxd4 8. cxd4 d6 9. Nc3 Nxc3 10. bxc3 O-O 11. Re1 Bg4 12. exd6 {[%emt 0:08:52] B31: Sicilian: 2...Nc6 3 Bb5 g6.} exd6 13. h3 Bxf3 14. Qxf3 {[%emt 0:00:07] White is slightly better.} Qa5 $1 15. Bxc6 bxc6 16. Bf4 ({But not} 16. Qxc6 Bxd4 17. Bd2 Be5 $11) 16... d5 (16... Qc7 $11) 17. Re7 $16 Rae8 {[%emt 0:07:06] [#]} 18. Rae1 $36 {[%emt 0:11:44][%mdl 2048] Keeping Black busy. White is much more active.} Rxe7 19. Rxe7 Qxa2 20. Bd6 {[%emt 0:00:15] Strongly threatening Kh2.} Qb1+ 21. Kh2 Qf5 22. Qxf5 ({Much worse is} 22. Rxa7 $6 Qxf3 23. gxf3 Rd8 $11) 22... gxf5 23. Rxa7 {[%emt 0:00:05][%mdl 4096] Endgame KRB-KRB} Rd8 {[%emt 0:00:41] [#]} 24. Bb4 $146 ({Predecessor:} 24. Bf4 Re8 25. Kg3 Re6 26. Ra8+ Bf8 27. Kf3 Kg7 28. Be5+ f6 29. Bg3 Re1 30. Rc8 Rc1 31. Rxc6 Kg6 32. Be5 {1-0 (32) Raidaru,M-Narva,J Estonia 2001}) 24... Rb8 25. Rd7 ({White should play} 25. Bc5 $14) 25... Bf6 26. g3 h5 27. Kg2 Kg7 28. Rc7 Bxd4 $1 29. Rxc6 Bf6 30. Bd6 Rb3 {[%emt 0:08:45] [#]} (30... Re8 $11) 31. Bf8+ $1 $14 Kxf8 32. Rxf6 {[%emt 0:00:04] KR-KR} h4 33. Rxf5 {[%emt 0:00:27] Threatens to win with g4.} hxg3 34. fxg3 Rxc3 35. Rxd5 Kg7 36. Rg5+ Kh6 37. h4 Ra3 38. Kh3 Ra4 39. Rg4 Ra5 40. Rf4 f5 41. Rd4 Ra2 42. Rd6+ Kh5 43. Rf6 Rf2 44. Rf8 (44. Ra6 $14) 44... Kg6 $11 {[%emt 0:00:14] The position is equal.} 45. Rg8+ Kh7 46. Ra8 f4 $1 47. gxf4 {[%emt 0:00:00] Weighted Error Value: White=0.09 (flawless) /Black=0.09 (flawless)} 1/2-1/2

[Event "1st Serbian League 2022"]
[Site "Vrnjacka Banja"]
[Date "2022.09.21"]
[Round "2.22"]
[White "Milosevic, Milos"]
[Black "Miljkovic, Miroslav D"]
[Result "1-0"]
[ECO "D00"]
[WhiteElo "2379"]
[BlackElo "2456"]
[Annotator "TA"]
[PlyCount "43"]
[EventDate "2022.09.20"]
[EventType "team-tourn"]
[EventCountry "SRB"]
[SourceTitle "playchess.com"]
[Source "ChessBase"]
[SourceQuality "1"]
[TimeControl "40/5400+30:1800+30"]

1. d4 d5 2. Nc3 Nf6 3. Bf4 a6 4. e3 g6 5. h4 Nc6 {[%emt 0:01:17] [#]} 6. Be2 $146 {[%emt 0:01:07] D00: 1 d4 d5: Unusual lines.} ({Predecessor:} 6. h5 Nxh5 7. Rxh5 gxh5 8. Qxh5 Be6 9. Qh2 b5 10. O-O-O Qd7 11. Bxc7 Rc8 12. Bb6 {½-½ (56) Prior,S (2037)-Crismann,A (1821) London 2017}) 6... h5 7. Nf3 Ng4 8. e4 {[%emt 0:03:56] White is slightly better.} e6 9. e5 Ne7 10. Ng5 Nh6 11. g4 Nxg4 (11... hxg4 $11 {remains equal.} 12. Qd2 (12. Bxg4 Nef5 $11) 12... Bg7) 12. Bxg4 $16 hxg4 13. Qxg4 Nf5 14. h5 $1 $36 {[%emt 0:01:41][%mdl 2048] Keeping Black busy.} Qe7 (14... Nxd4 $2 15. O-O-O f5 16. Qg2 gxh5 17. Rxd4 $18) 15. O-O-O {[%emt 0:00:29] Hoping for hxg6. White is more active.} gxh5 16. Rxh5 Rxh5 (16... Bh6 $16 {keeps fighting.}) 17. Qxh5 $18 {[%emt 0:00:06] aiming for Nh7.} Bh6 {[%emt 0:00:29] [#]} 18. Ne2 $1 Bd7 $2 {[%emt 0:09:21] [#]} (18... Bxg5 {is tougher.} 19. Bxg5 Qf8) 19. Ng3 $1 {[%emt 0:00:20] White is clearly winning.} Nxg3 20. fxg3 Bxg5 (20... O-O-O $142 21. Qxh6 Re8) 21. Bxg5 Qf8 22. Qh7 {[%emt 0:01:33] Weighted Error Value: White=0.06 (flawless) /Black=0.48} 1-0

[Event "1st Serbian League 2022"]
[Site "Vrnjacka Banja"]
[Date "2022.09.21"]
[Round "2.23"]
[White "Kosic, Dragan"]
[Black "Markovic, Miroslav"]
[Result "1/2-1/2"]
[ECO "A49"]
[WhiteElo "2399"]
[BlackElo "2275"]
[Annotator "TA"]
[PlyCount "37"]
[EventDate "2022.09.20"]
[EventType "team-tourn"]
[EventCountry "SRB"]
[SourceTitle "playchess.com"]
[Source "ChessBase"]
[SourceQuality "1"]
[TimeControl "40/5400+30:1800+30"]

1. d4 Nf6 2. Nf3 g6 3. g3 Bg7 4. Bg2 O-O 5. O-O d6 6. Nc3 d5 {[%emt 0:09:38] The position is equal. A49: 1 d4 Nf6 2 Nf3 g6 3 g3: Anti-King's Indian systems.} 7. Be3 c6 8. Qd2 Bf5 9. Nh4 {[%emt 0:00:16] [#]} Be6 $146 ({Predecessor:} 9... Qc8 10. Nxf5 Qxf5 11. Bf4 Nbd7 12. Rae1 Rad8 13. e4 dxe4 14. Nxe4 Nb6 15. Bc7 Rd7 16. Bxb6 axb6 17. c3 Qa5 18. b4 Qa3 19. Nxf6+ Bxf6 20. Qc2 e6 {½-½ (20) Faibisovich,V (2400)-Nikolaev,N (2308) St Petersburg 1999}) 10. Rad1 b5 11. Bh6 Nbd7 12. Bxg7 (12. Nf3 {feels hotter.} Ne4 13. Nxe4 dxe4 14. Ng5) 12... Kxg7 13. b3 Rc8 14. Rfe1 b4 15. Na4 c5 16. c4 bxc3 (16... dxc4 $5 17. d5 c3 $11) 17. Qxc3 cxd4 18. Qxd4 Qc7 19. Qb2 {[%emt 0:00:39] A balanced but interesting game.  Weighted Error Value: White=0.06 (flawless) /Black=0.03 (flawless)} 1/2-1/2

[Event "1st Serbian League 2022"]
[Site "Vrnjacka Banja"]
[Date "2022.09.21"]
[Round "2.24"]
[White "Vratonjic, Slobo"]
[Black "Lazic, Miroljub"]
[Result "1/2-1/2"]
[ECO "C54"]
[WhiteElo "2253"]
[BlackElo "2300"]
[Annotator "TA"]
[PlyCount "47"]
[EventDate "2022.09.20"]
[EventType "team-tourn"]
[EventCountry "SRB"]
[SourceTitle "playchess.com"]
[Source "ChessBase"]
[SourceQuality "1"]
[TimeControl "40/5400+30:1800+30"]

1. e4 e5 2. Nf3 Nc6 3. Bc4 Bc5 4. O-O Nf6 5. d3 a6 6. c3 Ba7 7. h3 d6 8. Bb3 O-O 9. Re1 Ne7 10. Nbd2 Ng6 11. Nf1 h6 {[%emt 0:02:20] [#] An even fight not without its subleties. C54: Giuoco Piano: 4 c3 Nf6, main lines with 5 d4 and 5 d3.} {Predecessor:} 12. Ng3 $146 Re8 13. d4 Be6 14. Bc2 Qc8 15. Be3 c6 16. Qd2 Qc7 17. Rad1 Rad8 18. Qc1 b5 19. Nf5 Bxf5 20. exf5 Nf8 21. dxe5 Bxe3 22. Qxe3 dxe5 23. Rxd8 Qxd8 24. Nxe5 {1-0 (34) Onischuk,V (2633)-Jones,G (2670) Chess.com INT 2020} 1/2-1/2

[Event "1st Serbian League 2022"]
[Site "Vrnjacka Banja"]
[Date "2022.09.21"]
[Round "2.25"]
[White "Yilmazyerli, Mert"]
[Black "Sarana, Alexey"]
[Result "1/2-1/2"]
[ECO "D02"]
[WhiteElo "2533"]
[BlackElo "2662"]
[Annotator "TA"]
[PlyCount "76"]
[EventDate "2022.09.20"]
[EventType "team-tourn"]
[EventCountry "SRB"]
[SourceTitle "playchess.com"]
[Source "ChessBase"]
[SourceQuality "1"]
[TimeControl "40/5400+30:1800+30"]

1. Nf3 d5 2. g3 g6 3. Bg2 Bg7 4. d4 c6 5. c4 dxc4 6. O-O {[%emt 0:00:19] D02: 1 d4 d5 2 Nf3 sidelines, including 2...Nf6 3 g3 and 2...Nf6 3 Bf4.} Nf6 7. a4 Be6 8. Ng5 {[%emt 0:16:40] [#] White has an edge.} Bd5 $146 ({Predecessor:} 8... Bd7 9. Na3 h6 10. Nf3 Be6 11. Qc2 Na6 12. Bd2 Bd5 13. Nxc4 O-O 14. Rfd1 e6 {0-1 (86) Salomon,J (2488)-Volkov,S (2627) Sitges 2017}) 9. e4 h6 10. exd5 hxg5 11. dxc6 Nxc6 12. Bxg5 Nxd4 13. Na3 O-O 14. Nxc4 Rc8 15. Rc1 Nd5 16. Re1 Rc5 (16... Rc7 $11) 17. Ne3 (17. h4 $14) 17... Rxc1 18. Qxc1 Nxe3 19. Bxe3 Qd7 20. Qd1 Rd8 21. h4 Qf5 22. Bxd4 ({Don't play} 22. Bxb7 Rd7 23. g4 Qa5 $17) 22... Rxd4 23. Qf3 {[%emt 0:00:00] The position is equal.} e6 24. Qxf5 gxf5 $11 {[%emt 0:00:10][%mdl 4096] Endgame KRB-KRB} 25. b3 Rd2 26. Kf1 b6 27. Re2 Rd3 28. Re3 Rd2 29. Re2 Rd7 30. Bf3 Rc7 31. Rd2 Bf8 32. Be2 Bb4 33. Rd8+ Kg7 34. Bc4 Be7 35. Rd2 a5 36. Kg2 Kf6 37. f3 Rc8 38. Rd7 Rd8 {[%emt 0:00:00] A balanced but interesting game.  Weighted Error Value: White=0.04 (flawless) /Black=0.03 (flawless)} 1/2-1/2

[Event "1st Serbian League 2022"]
[Site "Vrnjacka Banja"]
[Date "2022.09.21"]
[Round "2.26"]
[White "Ivic, Velimir"]
[Black "Gokerkan, Cem Kaan"]
[Result "1/2-1/2"]
[ECO "B90"]
[WhiteElo "2553"]
[BlackElo "2465"]
[Annotator "TA"]
[PlyCount "93"]
[EventDate "2022.09.20"]
[EventType "team-tourn"]
[EventCountry "SRB"]
[SourceTitle "playchess.com"]
[Source "ChessBase"]
[SourceQuality "1"]
[TimeControl "40/5400+30:1800+30"]

1. e4 c5 2. Nf3 d6 3. d4 cxd4 4. Nxd4 Nf6 5. Nc3 a6 6. Be3 e5 7. Nb3 Be6 8. f3 Be7 9. Qd2 O-O 10. O-O-O Qc7 11. g4 Rc8 12. g5 Nh5 13. Kb1 Nd7 14. Rg1 {[%emt 0:05:30] B90: Sicilian Najdorf: Unusual White 6th moves, 6 Be3 Ng4 and 6 Be3 e5.} b5 15. Nd5 {[%emt 0:01:56] Inhibits Nb6.} Bxd5 16. exd5 {[%emt 0:00:05] White has an edge.} b4 {[%emt 0:06:04] [#]} (16... Nb6 $14) 17. Rc1 $146 ({Better is} 17. Rg4 $16) ({Predecessor:} 17. Rg4) 17... a5 $14 {[%emt 0:00:27] ...a4 is the strong threat.} 18. c3 $1 Qb7 19. cxb4 $1 Rxc1+ 20. Qxc1 {[%emt 0:07:18] aiming for Qc6.} Qxb4 21. Rg4 {[%emt 0:17:37] Prevents Nf4.} Nf4 22. Bxf4 exf4 23. Rxf4 Qb8 (23... Bxg5 $2 24. Rxb4 Bxc1 25. Rb7 $18) 24. Re4 Bf8 25. Nd4 Nc5 26. Re3 g6 27. f4 Qb4 28. Bc4 Bg7 29. Nc6 Qb6 30. f5 gxf5 31. Ne7+ Kf8 (31... Kh8 $14) 32. Nxf5 $16 Bh8 {[%emt 0:03:07] [#]} (32... Be5 $16) 33. Re2 $1 $18 Re8 34. Rxe8+ Kxe8 {[%emt 0:00:01] [#]} 35. Bb5+ $1 Kd8 36. Qc4 Nd7 37. a4 Qf2 38. Qc2 {[%emt 0:00:26] Chess con chili.} Qe1+ 39. Ka2 {[%emt 0:00:53] White threatens Qc6 and mate.} Qe5 40. Nh6 Ke7 41. Qe2 {[%emt 0:11:07] White is much more active.} Nb6 42. Nf5+ ({Much worse is} 42. Qf2 Qxd5+ 43. Ka3 (43. b3 Qe5 $11) 43... Qc5+ 44. Qxc5 dxc5 $11) 42... Kd8 $1 {[%emt 0:00:31] [#] White is slightly better.} 43. Nxd6 $1 Qxd5+ 44. Nc4 Nxc4 45. Bxc4 Qxg5 46. Bxf7 Qe5 {[%emt 0:01:00] Prevents Qe8+.} 47. Qxe5 {[%emt 0:01:05] Weighted Error Value: White=0.14 (very precise) /Black=0.13 (very precise)} 1/2-1/2

[Event "1st Serbian League 2022"]
[Site "Vrnjacka Banja"]
[Date "2022.09.21"]
[Round "2.27"]
[White "Arsovic, Goran"]
[Black "Nenezic, Marko"]
[Result "1/2-1/2"]
[ECO "E62"]
[WhiteElo "2362"]
[BlackElo "2528"]
[Annotator "TA"]
[PlyCount "118"]
[EventDate "2022.09.20"]
[EventType "team-tourn"]
[EventCountry "SRB"]
[SourceTitle "playchess.com"]
[Source "ChessBase"]
[SourceQuality "1"]
[TimeControl "40/5400+30:1800+30"]

1. d4 Nf6 2. Nf3 g6 3. c4 Bg7 4. g3 O-O 5. Bg2 d6 6. Nc3 c6 7. O-O Bf5 8. Re1 Ne4 9. Qb3 {[%emt 0:00:48] 9.Qb3 scores better than 9.Nxe4.} Nxc3 10. bxc3 Bc8 {[%emt 0:02:25] E62: King's Indian: Fianchetto: 6...c6 and Panno Variation (6...Nc6) without ...a6.} 11. e4 Nd7 12. e5 dxe5 13. Ba3 Re8 {[%emt 0:02:02] [#]} 14. dxe5 $146 ({Predecessor:} 14. Rad1 Qa5 15. c5 Qc7 16. Ng5 Rf8 17. Bh3 Nf6 18. dxe5 Ng4 19. e6 Nh6 20. exf7+ {1-0 (45) Greenfeld,A (2535)-Gil Quilez,S (2101) Oeiras 2015}) 14... Nf8 15. Nd4 Qc7 16. f4 Bd7 17. Rad1 c5 18. Nc2 ({Avoid the trap} 18. Bxb7 $2 Rab8 19. Nb5 (19. e6 $2 Bxd4+ 20. cxd4 Nxe6 $19) 19... Qxb7 $19) 18... Rab8 19. Ne3 Qa5 20. Rd5 ({Don't blunder} 20. Bxb7 $2 Ba4 21. Qb2 Bxd1 22. Rxd1 e6 $19) 20... b6 21. Bc1 Ba4 22. Qa3 e6 23. Rd2 Red8 24. Ree2 h5 25. Rxd8 Rxd8 26. Rd2 Rxd2 27. Bxd2 f6 28. exf6 Bxf6 29. Be4 Kf7 30. Kf2 Nd7 31. Bc2 Bc6 32. Qxa5 bxa5 33. Nd1 Be7 34. Ke3 Nb6 35. Nb2 Bg2 36. Be4 Bh3 37. Bd3 Bd6 38. Nd1 e5 39. fxe5 Bxe5 40. Be2 Bf5 41. Nb2 Ke6 42. Bf3 Bb1 43. a3 Kf5 44. Be2 Bd6 45. Be1 Bf8 46. Kd2 $1 Bh6+ 47. Kd1 Be3 48. Bd2 Bg1 49. h3 Kf6 (49... Bh2 $11) 50. Bf4 Kf5 51. Bb8 Be4 52. Kd2 Kf6 (52... Nd7 $5 53. g4+ Kf6 $11) 53. Bc7 Bg2 54. h4 Be4 {[%emt 0:00:11] [#]} (54... Kf5 $14) 55. Bf4 $1 $16 {[%emt 0:00:31] Black must now prevent Ke1.} Kf5 56. Ke1 {[%emt 0:00:54] Strongly threatening Kf1.} Bg2 57. Bf1 Bf3 58. Bd3+ Be4 {[%emt 0:00:24] [#] aiming for ...Bxd3.} 59. Be2 ({White should try} 59. Ke2 $14) 59... Bg2 $1 {[%emt 0:00:08] Weighted Error Value: White=0.05 (flawless) /Black=0.05 (flawless)} 1/2-1/2

[Event "1st Serbian League 2022"]
[Site "Vrnjacka Banja"]
[Date "2022.09.21"]
[Round "2.28"]
[White "Djukic, Nikola"]
[Black "Rajkovic, Dusan"]
[Result "1/2-1/2"]
[ECO "B36"]
[WhiteElo "2536"]
[BlackElo "2246"]
[Annotator "TA"]
[PlyCount "116"]
[EventDate "2022.09.20"]
[EventType "team-tourn"]
[EventCountry "SRB"]
[SourceTitle "playchess.com"]
[Source "ChessBase"]
[SourceQuality "1"]
[TimeControl "40/5400+30:1800+30"]

1. e4 c5 2. Nf3 Nc6 3. d4 cxd4 4. Nxd4 g6 5. c4 Nf6 6. Nc3 d6 7. f3 Nxd4 8. Qxd4 Bg7 9. Be3 O-O 10. Qd2 a5 {[%emt 0:02:27] B36: Sicilian: Maroczy Bind: Gurgenidze System.} 11. b3 Nd7 12. Rc1 Nc5 {[%emt 0:01:39] White is slightly better.} 13. Be2 b6 14. O-O Bb7 15. Rfd1 Bc6 16. Bf1 Be5 {[%emt 0:03:18] [#]} 17. Ne2 $146 ({Predecessor:} 17. Bf4 Qb8 18. Nd5 Qb7 19. Bxe5 dxe5 20. Rb1 Kg7 21. a3 e6 22. Ne3 {½-½ (31) Walden,J (2000)-Ruzin,M (1786) FICGS email 2009}) 17... Qc7 18. Nd4 Rfd8 19. Nxc6 Qxc6 20. g3 Rab8 21. Bg2 Bg7 22. Qc2 e5 23. Bh3 h6 24. Rd5 Kh7 25. Qd2 Qc7 26. Rd1 Bf8 27. Bg2 Re8 28. Qc2 Na6 29. Qe2 Nb4 30. Rb5 Na6 31. Qf2 Nc5 32. a3 Be7 33. b4 axb4 34. axb4 Nd7 35. Bf1 (35. Bh3 $142) 35... Rb7 36. Ra1 Reb8 37. Ra6 Bd8 38. Qd2 h5 39. Rd5 {[%emt 0:01:28] White has more active pieces. The black rooks are badly placed.} Be7 40. Qa2 Kg7 {[%emt 0:03:48] [#]} 41. Rd1 ({Better is} 41. h4 $1 $16) 41... Rd8 42. Qf2 d5 43. cxd5 {[%emt 0:00:18] Strongly threatening Rc1.} Bxb4 44. Bb5 Bc5 45. Bxd7 Bxe3 46. Qxe3 Rxd7 47. Rc1 Qb8 48. Rc6 (48. Kg2 $5 ) 48... b5 $1 49. Qc5 {[%emt 0:04:42] [#] aiming for Rc8.} Qf8 50. Qc3 (50. d6 $5 ) 50... Qe7 51. f4 b4 52. Qxe5+ Qxe5 53. fxe5 $11 {[%emt 0:00:06][%mdl 4096] Endgame KRR-KRR} b3 {[%emt 0:00:11] Threatens to win with ...b2.} 54. Ra1 Re7 55. e6 fxe6 56. d6 Red7 57. e5 Rb5 58. Rb1 Rxe5 {[%emt 0:01:57] Weighted Error Value: White=0.10 (very precise) /Black=0.06 (flawless)} 1/2-1/2

[Event "1st Serbian League 2022"]
[Site "Vrnjacka Banja"]
[Date "2022.09.21"]
[Round "2.29"]
[White "Rajkovic, Mladen"]
[Black "Strikovic, Aleksa"]
[Result "1/2-1/2"]
[ECO "C54"]
[WhiteElo "2335"]
[BlackElo "2491"]
[Annotator "TA"]
[PlyCount "132"]
[EventDate "2022.09.20"]
[EventType "team-tourn"]
[EventCountry "SRB"]
[SourceTitle "playchess.com"]
[Source "ChessBase"]
[SourceQuality "1"]
[TimeControl "40/5400+30:1800+30"]

1. e4 e5 2. Nf3 Nc6 3. Bc4 Bc5 4. O-O Nf6 5. d3 d6 6. c3 O-O 7. Bb3 {[%emt 0:00:06] 7.Bb3 was played by the boomers.} a5 {[%emt 0:01:07] C54: Giuoco Piano: 4 c3 Nf6, main lines with 5 d4 and 5 d3.} 8. Re1 Ba7 9. h3 Ne7 10. Nbd2 Ng6 11. Nf1 Be6 12. Ng3 Re8 {[%emt 0:03:01] [#]} 13. Ng5 $146 ({Predecessor:} 13. Ba4 Bd7 14. Bc2 d5 15. Bg5 h6 16. Bxf6 Qxf6 17. exd5 Nf4 18. d4 exd4 19. Rxe8+ Rxe8 20. Nxd4 Nxd5 {1-0 (53) Sjugirov,S (2696)-Gharibyan,M (2487) Chess.com INT 2022}) 13... Bxb3 14. Qxb3 Qd7 15. Be3 a4 16. Qc2 (16. Qxb7 $2 Bxe3 17. fxe3 (17. Rxe3 $2 Reb8 $19) 17... Reb8 18. Qxa8 Rxa8 $19) 16... Bxe3 17. fxe3 h6 18. Nf3 d5 19. exd5 Nxd5 20. Rad1 c5 21. e4 Ndf4 22. d4 cxd4 23. cxd4 exd4 24. Nxd4 Ne5 25. Ngf5 g6 (25... Kh7 $11) 26. Qd2 (26. Nxh6+ Kh7 $11) 26... Ned3 (26... Nxh3+ $1 $14 27. gxh3 gxf5) 27. Nxh6+ $16 Kh7 28. Nf3 Qc7 {[%emt 0:01:12] [#]} 29. Ng4 (29. Nxf7 $1 $16 {[%cal Oe1e3] Hoping for Re3!} Nxe1 30. Rxe1) 29... Nxe1 $11 30. Rxe1 {[%emt 0:02:24] aiming for e5. Dancing on a razor blade.} (30. Ng5+ $2 Kg8 31. Kh1 (31. Nf6+ $2 Kg7 $19) 31... Red8 32. Qxe1 Qc2 $19) 30... Ra6 (30... Red8 $11 {remains equal.} 31. Qe3 Ra5) 31. e5 $1 $16 f5 {[%emt 0:00:46] [#]} (31... Nh5 $142) 32. Nf6+ $1 ({Don't take} 32. Qxf4 fxg4 33. Qxg4 (33. hxg4 Kg8 $11) 33... Qe7 $16) 32... Rxf6 {[%emt 0:00:03] [#]} 33. exf6 (33. Ng5+ $142 $1 Kg8 34. exf6 Rxe1+ 35. Qxe1) 33... Rxe1+ 34. Nxe1 {[%emt 0:01:42][%mdl 4096] Endgame KQN-KQN} ({Better is} 34. Qxe1 $16 {Threatens to win with Qe7+.} Qb6+ 35. Kh2 Qxf6 36. Qb4) 34... g5 (34... Qc5+ $11 {keeps the balance.} 35. Qf2 Qc1) 35. Nf3 Kg6 {[%emt 0:00:03] [#]} 36. Nxg5 $1 Kxg5 37. g3 {[%emt 0:00:02][%mdl 64] Pin} Kxf6 38. gxf4 $14 {[%emt 0:00:37] Black must now prevent Qc3+. KQ-KQ} Kg6 39. Qg2+ Kh7 40. Qf2 {[%emt 0:01:59] And now Qh4+ would win.} Kg6 41. Kh2 b5 42. Qg1+ Kh7 43. Qd4 Qe7 44. a3 Qe2+ 45. Kg3 Qe1+ 46. Qf2 Qe6 47. Qf3 Qe1+ 48. Kg2 Qd2+ 49. Qf2 Qd5+ 50. Kg3 Kg6 51. Qe2 Qd7 52. h4 Kh6 {[%emt 0:00:58] The position is equal.} 53. Kh3 Qd5 54. Kh2 Qc6 55. Qd3 Qc1 56. Qd4 Qc2+ 57. Kg3 {[%emt 0:00:00] Qh8+ is the strong threat.} Qb3+ 58. Kf2 Qc2+ 59. Ke3 Qb3+ 60. Kd2 {[%emt 0:00:00] Strongly threatening Qh8+.} Kh5 $1 61. Qh8+ (61. Qf6 Qd5+ 62. Ke1 Qe4+ 63. Kd1 Qd3+ 64. Ke1 Qe3+ 65. Kd1 Qd3+ 66. Ke1 Qg3+ 67. Ke2 Qg2+ 68. Ke1 Qg3+ 69. Kf1 Qf3+ 70. Kg1 Qxf4) 61... Kg4 62. Qg7+ Kxf4 63. Qg5+ Ke4 64. Qg2+ Kf4 65. Qg5+ Ke4 66. Qg2+ Kf4 {[%emt 0:03:01] Weighted Error Value: White=0.14 (very precise) /Black=0.12 (very precise)} 1/2-1/2